 Dungeon Crawl Stone Soup version 0.21-a0-88-g13b9641 (webtiles) character file.

1368 Lavandula the Bolt Thrower (level 8, -3/54 HPs)
             Began as a Mummy Arcane Marksman on June 27, 2017.
             Was an Initiate of Sif Muna.
             Killed by divine providence
             ... invoked by an orc priest
              (12 damage)
             ... on level 6 of the Dungeon.
             The game lasted 00:19:16 (4828 turns).

Lavandula the Bolt Thrower (Mummy Arcane Marksman)  Turns: 4828, Time: 00:19:16

Health: -3/54      AC:  4    Str: 16    XL:     8   Next: 38%
Magic:  9/10       EV: 12    Int: 15    God:    Sif Muna [......]
Gold:   306        SH:  0    Dex: 15    Spells: 2/9 levels left

rFire    . . .     SeeInvis .   r - +3 whip of the Saviour {slash, rPois rF+ Int+3}
rCold    + . .     Gourm    .   (no shield)
rNeg     + + +     Faith    .   l - +0 leather armour
rPois    ∞         Spirit   .   i - +0 helmet
rElec    .         Reflect  .   (no cloak)
rCorr    .         Harm     .   (no gloves)
MR       +....                  (no boots)
Stlth    +.........             (no amulet)
HPRegen  0.18/turn              q - +3 ring of strength
MPRegen  0.12/turn              g - ring of positive energy

@: no status effects
A: no food or potions, fire vulnerability, cold resistance 1, negative energy
resistance 3, torment resistance, unbreathing
a: Renounce Religion


You were on level 6 of the Dungeon.
You worshipped Sif Muna.
Sif Muna was noncommittal.
You were not hungry.

You visited 1 branch of the dungeon, and saw 6 of its levels.

You collected 306 gold pieces.

Inventory:

Hand Weapons
 a - a +0 hand crossbow
 b - a +0 hand axe
 k - a +2 dagger of speed
 p - a +1 whip of freezing
 r - the +3 whip of the Saviour (weapon) {slash, rPois rF+ Int+3}
   (You found it on level 4 of the Dungeon)

   It inflicts extra damage upon your enemies.
   It affects your intelligence (+3).
   It protects you from fire.
   It protects you from poison.
 t - a -3 eveningstar
Missiles
 d - 3 bolts
 u - a throwing net (quivered)
Armour
 e - a +0 robe
 i - a +0 helmet (worn)
 l - a +0 leather armour (worn)
Jewellery
 g - a ring of positive energy (right hand)
 q - a +3 ring of strength (left hand)
Wands
 m - a wand of paralysis (4/24)
Scrolls
 f - a scroll of immolation
 h - a scroll of teleportation {unknown}
 j - a scroll of noise
 n - a scroll of fear
 o - 2 scrolls of blinking
 s - 2 scrolls of remove curse
 v - a scroll of enchant weapon {unknown}
Books
 c - a book of Debilitation

   Spells                             Type                      Level
   a - Corona                         Hexes                        1
   b - Slow                           Hexes                        2
   c - Inner Flame                    Hexes/Fire                   3
   d - Portal Projectile              Hexes/Translocation          3
   e - Cause Fear                     Hexes                        4
   f - Leda's Liquefaction            Hexes/Earth                  4


   Skills:
 - Level 1.0 Fighting
 - Level 3.3 Short Blades
 + Level 3.5 Maces & Flails
 - Level 7.0 Crossbows
 - Level 1.5 Dodging
 - Level 1.3 Spellcasting
 - Level 2.6 Hexes


You had 2 spell levels left.
You knew the following spells:

 Your Spells              Type           Power        Failure   Level  Hunger
a - Corona                Hex            #......      10%         1    N/A
b - Slow                  Hex            #.......     14%         2    N/A
c - Cause Fear            Hex            #.........   67%         4    N/A

Dungeon Overview and Level Annotations

Branches:
Dungeon (6/15)
 Temple: D:4-7

Altars:
Fedhas
Qazlal
Sif Muna
Trog
Xom


Innate Abilities, Weirdness & Mutations

You do not eat or drink.
Your flesh is vulnerable to fire.
You are immune to poison.
Your flesh is cold resistant. (rC+)
You are immune to negative energy. (rN+++)
You are immune to unholy pain and torment.
You can survive without breathing.


Message History

The orc warrior hits you with a mace!
You hit the orc warrior.
The orc warrior is heavily wounded.
You hit the orc warrior but do no damage.
The orc warrior is heavily wounded.
The orc warrior hits you with a mace!!
Evoke which item? (* to show all) (? for menu, Esc to quit)
Aiming: Paralyse
Press: ? - help, Shift-Dir - straight line, f/p - orc warrior
Aim: an orc warrior, wielding a mace and wearing a plate armour (heavily wounded, chance to defeat MR: 46%)
The orc warrior suddenly stops moving!
This wand has 4 charges left.
You are too injured to fight recklessly!
You are too injured to fight recklessly!
The orc priest shouts!
The orc priest calls down the wrath of Beogh upon you.
Beogh smites you!
* * * LOW HITPOINT WARNING * * *
The orc priest invokes the aid of Beogh against you.
Beogh smites you!
You die...

#...<.. #...###
#...### ###
#..o...
##.####.o####
##.#.....#.###
#####%###........#
#....## ##.......#
#@###.###........#
#.# #.#.........#
#.# #.##..o....#
#.# ####.......#
#.# ####o......#
#o# #.(.........
#.# #.##########
#o# #.# #.#####.#


You could see an orc warrior (paralysed) and an orc priest.

Vanquished Creatures
  Pikel (D:3)
  2 ogres (D:4)
  4 scorpions
  2 hounds (D:5)
  2 orc wizards (D:5)
  2 jellies (D:5)
  An orc priest (D:6)
  An iguana (D:5)
  A worker ant zombie (D:5)
  8 gnolls
  10 adders
  An ooze (D:3)
  An adder zombie (D:5)
  2 dart slugs
  7 worms
  5 leopard geckos
  11 orcs
  3 ball pythons
  15 bats
  11 giant cockroaches
  5 goblins
  6 hobgoblins
  5 jackals
  4 quokkas
  6 frilled lizards
  4 kobolds
  A quokka zombie (D:5)
  7 rats
128 creatures vanquished.

Vanquished Creatures (others)
  A slave (D:4)
  A worker ant (D:4)
  A kobold (D:3)
  A fungus (D:5)
4 creatures vanquished.

Grand Total: 132 creatures vanquished

Notes
Turn   | Place    | Note
-------+----------+-------------------------------------------
     0 | D:1      | Lavandula the Mummy Arcane Marksman began the quest for the Orb.
     0 | D:1      | Reached XP level 1. HP: 15/15 MP: 2/2
   127 | D:1      | Reached skill level 2 in Crossbows
   186 | D:1      | Reached XP level 2. HP: 21/21 MP: 4/4
   491 | D:2      | Learned a level 2 spell: Slow
   631 | D:2      | Reached XP level 3. HP: 21/26 MP: 5/5
   643 | D:2      | Reached skill level 3 in Crossbows
  1531 | D:2      | Reached XP level 4. HP: 27/32 MP: 3/6
  1711 | D:2      | Found a bloodstained altar of Trog.
  1855 | D:3      | Reached skill level 1 in Short Blades
  1945 | D:3      | Found a deep blue altar of Sif Muna.
  2597 | D:3      | Found a stormy altar of Qazlal.
  2664 | D:4      | Reached XP level 5. HP: 37/37 MP: 4/7
  2686 | D:4      | Noticed an ogre
  2690 | D:4      | Killed an ogre
  2754 | D:4      | Noticed Pikel
  2792 | D:3      | Killed Pikel
  2792 | D:3      | Reached skill level 6 in Crossbows
  2792 | D:3      | Reached XP level 6. HP: 43/43 MP: 2/8
  2792 | D:3      | Reached XP level 7. HP: 48/48 MP: 2/9
  3025 | D:4      | Got a fine whip
  3026 | D:4      | Identified the cursed +3 whip of the Saviour {slash, rPois rF+ Int+3} (You found it on level 4 of the Dungeon)
  3370 | D:3      | Became a worshipper of Sif Muna the Loreminder
  3414 | D:5      | Entered Level 5 of the Dungeon
  3760 | D:5      | Reached skill level 7 in Crossbows
  3764 | D:5      | Reached XP level 8. HP: 29/54 MP: 10/10
  3770 | D:5      | Learned a level 4 spell: Cause Fear
  3915 | D:5      | Reached skill level 1 in Maces & Flails
  4039 | D:5      | Found a shimmering altar of Xom.
  4396 | D:5      | Found a blossoming altar of Fedhas.
  4828 | D:6      | Killed from afar by an orc priest

Vault maps used:
D:1:      roderic_crop_circles_arrival_small, hex_tiny
D:2:      minmay_roachtagon, lightli_temple_of_fire, lightli_corner_chamber
D:3:      nicolae_overflow_hidden_temple, grunt_qazlal_clouds, first_bread,
          minmay_cut_off
D:4:      serial_shops, kennysheep_mini, uniq_pikel
D:5:      old_forge, kennysheep_mini_moat, lemuel_crystal_altar,
          fedhas_altar_fruit_tree
D:6:      temple_doors_cd, yredelemnul_altar_generic

Skill      XL: |  1  2  3  4  5  6  7  8 |
---------------+-------------------------+-----
Crossbows      | 2 3 6 7 |  7.0
Short Blades   | 1 3 |  3.3
Maces & Flails | 3 |  3.5
Fighting       | |  1.0
Dodging        | |  1.5
Spellcasting   | |  1.3
Hexes          | |  2.6

Action                   |  1- 3 |  4- 6 |  7- 9 || total
-------------------------+-------+-------+-------++-------
Melee: Hand axe          |    10 |       |       ||    10
       Dagger            |    58 |    47 |    26 ||   131
       Whip              |       |       |   113 ||   113
 Fire: Hand crossbow     |    53 |    50 |    88 ||   191
Throw: Throwing net      |       |       |     1 ||     1
 Cast: Corona            |    16 |    14 |     6 ||    36
       Slow              |       |     5 |     2 ||     7
Evoke: Wand              |       |     2 |     2 ||     4
  Use: Scroll            |       |     4 |     2 ||     6
 Stab: Paralysed         |       |     5 |       ||     5
Armor: Robe              |    24 |     7 |       ||    31
       Leather armour    |       |     7 |    39 ||    46
Dodge: Dodged            |    66 |    28 |    80 ||   174
